 Seeded DCSS version 0.29.1-13-g9f3cf754e1 (webtiles) character file.

Game seed: 18334199546629406935 (custom seed)

605 mathmaestro the Scholar of Death (level 7, 52/53 HPs)
             Began as a Demonspawn Necromancer on Jan 27, 2023.
             Was a Follower of Kikubaaqudgha.
             Quit the game on level 4 of the Dungeon on Jan 30, 2023.
             The game lasted 00:13:05 (4499 turns).

mathmaestro the Scholar of Death (DsNe)             Turns: 4499, Time: 00:13:05

Health: 52/53      AC: 12    Str: 14    XL:     7   Next: 19%
Magic:  12/12      EV: 13    Int: 18    God:    Kikubaaqudgha [*.....]
Gold:   272        SH:  0    Dex: 14    Spells: 5/13 levels left

rFire   . . .      SeeInvis .   r - +4 flail (protect)
rCold   . . .      Faith    .   (no shield)
rNeg    . . .      Spirit   .   a - +0 robe
rPois   .          Reflect  .   (helmet restricted)
rElec   .          Harm     .   t - +0 cloak
rCorr   .          Rampage  .   l - +0 pair of gloves
Will    .....                   (no boots)
Stlth   ++........              (no amulet)
HPRegen 1.17/turn               k - +6 ring of strength
MPRegen 0.26/turn               m - ring of flight

@: under a protective aura, flying
A: antennae 1, rugged brown scales 1, powered by death 1, magic regeneration
a: Renounce Religion, Unearth Wretches


You were on level 4 of the Dungeon.
You worshipped Kikubaaqudgha.
Kikubaaqudgha was aware of your devotion.
You visited 1 branch of the dungeon, and saw 5 of its levels.
You also visited: Sewer.

You collected 272 gold pieces.

Inventory:

Hand Weapons
 r - a +4 flail of protection (weapon)
Missiles
 A - 4 javelins
 D - 2 boomerangs
Armour
 a - a +0 robe (worn)
 l - a +0 pair of gloves (worn)
 t - a +0 cloak (worn)
Jewellery
 k - a +6 ring of strength (left hand)
 m - a ring of flight (right hand)
Scrolls
 e - 2 scrolls of identify
 f - 3 scrolls of immolation
 g - 3 scrolls of teleportation {unknown}
 i - a scroll of fear {unknown}
 n - 3 scrolls of magic mapping {unknown}
 o - 3 scrolls of fog
 p - a scroll of enchant armour {unknown}
 x - a scroll of amnesia {unknown}
 y - a scroll of enchant weapon {unknown}
Potions
 b - a potion of magic
 c - 4 potions of curing {unknown}
 d - 3 potions of might
 h - 3 potions of attraction {unknown}
 j - 2 potions of haste {unknown}
 q - a potion of flight {unknown}
 s - 3 potions of degeneration {unknown}
 u - 2 potions of heal wounds {unknown}
 v - a potion of cancellation {unknown}
 w - a potion of mutation {unknown}
 z - a potion of invisibility {unknown}
 B - a potion of berserk rage {unknown}
 C - 2 potions of lignification {unknown}


   Skills:
 + Level 3.2 Fighting
 + Level 3.5 Dodging
 + Level 3.7 Stealth
 + Level 3.7 Spellcasting
 + Level 5.7 Necromancy


You had 5 spell levels left.
You knew the following spells:

 Your Spells              Type           Power      Damage    Failure   Level
a - Necrotise             Necr           96%        1d8       1%          1
b - Vampiric Draining     Necr           24%        2d7       4%          3
c - Animate Dead          Necr           24%        N/A       14%         4

Your spell library contained the following spells:

 Spells                   Type           Power      Damage    Failure   Level
 Sublimation of Blood     Necr           24%        N/A       2%          2
 Slow                     Hex            12%        N/A       16%         1
 Agony                    Necr           24%        N/A       36%         5
 Confusing Touch          Hex            3%         N/A       41%         3


Dungeon Overview and Level Annotations

Branches:
Dungeon (5/15)              Sewer (visited)
 Temple: D:4-7

Altars:
Kikubaaqudgha


Innate Abilities, Weirdness & Mutations

You have a pair of small antennae on your head.
You are partially covered in rugged brown scales. (AC +1, +3% HP)
You regenerate a little health from kills.
You regenerate magic rapidly.


Message History

The hound bites you but does no damage.
You sock the hound!
Your weapon exudes an aura of protection.
The hound is severely wounded.
The hound barely misses you. The hound bites you but does no damage.
Casting: Necrotise (safe; 1% risk of failure)
Confirm with . or Enter, or press ? or * to list all spells.
Aiming: Vampiric Draining (dangerous; 4% risk of failure)
Press: ? - help, Shift-Dir - straight line, f - hound, p - gnoll
Aim: a hound (severely wounded)
You draw life force from the hound!
You kill the hound!
Kikubaaqudgha accepts your kill.
You feel life coursing into your body. The gnoll attacks as you move away!
The gnoll barely misses you. The gnoll attacks as you move away!
The gnoll hits you with a +0 whip. The gnoll attacks as you move away!
The gnoll hits you with a +0 whip.
There is a stone staircase leading up here.
You fly upwards.
There is a stone staircase leading down here.
You hit the gnoll.
Your weapon exudes an aura of protection.
The gnoll is moderately wounded.
The gnoll misses you. The gnoll hits you but does no damage.
You sock the gnoll!
The gnoll is almost dead.
The gnoll misses you.
You closely miss the gnoll.
The gnoll is almost dead.
The gnoll closely misses you. The gnoll misses you.
You sock the gnoll!
You kill the gnoll!
Kikubaaqudgha accepts your kill.
You can now bring forth the wretched and dying.
Kikubaaqudgha grants you a gift!
You add the spell Sublimation of Blood to your library.
Things that are here:
a +0 whip; a gnoll corpse
There is a stone staircase leading down here.
Are you sure you want to abandon this character and quit the game? (Confirm with "yes".)

......# #.........#
##.#.## #.#.#.##..#
#.#+## #.#.#.##..#
##....## #.#.#.##..#
.......## #.........#
#.......######.##.#####
<........##.....#.#
.........'..###...##
.........##.# #.@#.#
#.......###.###.#)##
##.....## #.....###
##...## ###.### ##'##
#.# ####.### #Z#
.......# #.#
.#...#.######.#
.#.........Z..#


There were no monsters in sight!

Vanquished Creatures
  An ogre (D:4)
  A phantom (D:5)
  2 bullfrogs (Sewer)
  A jelly (D:4)
  A hound (D:5)
  An orc wizard (D:5)
  A river rat (Sewer)
  8 adders
  5 gnolls
  An ufetubus (D:4)
  A worm (D:3)
  The ghost of nshep25 the Sneak, a weakling DsDe (D:4)
  2 dart slugs
  9 orcs
  4 bats
  9 endoplasms
  2 giant cockroaches
  2 goblins
  3 hobgoblins
  3 quokkas
  16 ball pythons
  A frilled lizard (Sewer)
  4 kobolds
  25 rats
104 creatures vanquished.

Vanquished Creatures (collateral kills)
  4 ball pythons
  A frilled lizard (Sewer)
  3 rats
8 creatures vanquished.

Vanquished Creatures (others)
  A withered plant (D:4)
1 creature vanquished.

Grand Total: 113 creatures vanquished

Notes
Turn   | Place    | Note
-------+----------+-------------------------------------------
     0 | D:1      | mathmaestro the Demonspawn Necromancer began the quest for
                  | the Orb.
     0 | D:1      | Reached XP level 1. HP: 13/13 MP: 3/3
   260 | D:1      | Gained mutation: You are partially covered in rugged brown
                  | scales. (AC +1, +3% HP) [demonic ancestry]
   260 | D:1      | Reached XP level 2. HP: 11/20 MP: 0/5
  1082 | D:2      | Reached skill level 1 in Fighting
  1179 | D:2      | Reached XP level 3. HP: 26/26 MP: 4/6
  1183 | D:2      | Learned a level 3 spell: Vampiric Draining
  1700 | D:2      | Gained mutation: You have a pair of small antennae on your
                  | head. [demonic ancestry]
  1700 | D:2      | Reached XP level 4. HP: 29/32 MP: 3/7
  1708 | D:2      | Learned a level 4 spell: Animate Dead
  1844 | D:3      | Found a glowing drain.
  1892 | D:3      | Found a faded altar of an unknown god.
  1919 | Sewer    | Entered a sewer
  2327 | Sewer    | Reached skill level 5 in Necromancy
  2327 | Sewer    | Reached XP level 5. HP: 39/39 MP: 1/9
  2408 | Sewer    | Gained mutation: You regenerate magic rapidly. [demonic
                  | ancestry]
  2408 | Sewer    | Reached XP level 6. HP: 34/47 MP: 3/10
  3160 | D:4      | Found an ancient bone altar of Kikubaaqudgha.
  3169 | D:4      | Became a worshipper of Kikubaaqudgha
  3824 | D:4      | Found a runed translucent door.
  3826 | D:4      | Noticed nshep25's ghost (weakling DsDe)
  3844 | D:4      | Killed nshep25's ghost
  4177 | D:5      | Entered Level 5 of the Dungeon
  4195 | D:5      | Gained mutation: You regenerate a little health from kills.
                  | [demonic ancestry]
  4195 | D:5      | Reached XP level 7. HP: 45/53 MP: 12/12
  4446 | D:5      | Noticed a troll
  4496 | D:4      | Reached * piety under Kikubaaqudgha
  4496 | D:4      | Received a gift from Kikubaaqudgha
  4499 | D:4      | Quit the game

Illustrated notes

Levels and vault maps discovered:
D:1:      shiori_shiawase, layout_loops_ring, st_stairs_7
D:2:      layout_basic, minmay_large_rounded_square
D:3:      layout_basic, portal_sewer_entry_a, hellmonk_ecumenical_altar_blasted
D:4:      layout_loops_corners, kiku_gazebo_garden_becter, ebering_ghost_sewer_d
D:5:      layout_basic

Skill      XL: |  1  2  3  4  5  6 |
---------------+-------------------+-----
Stealth        | 2 3 |  3.7
Dodging        | 2 3 |  3.5
Fighting       | 1 2 3 |  3.2
Necromancy     | 5 |  5.7
Spellcasting   | 3 |  3.7

Action                   |  1- 3 |  4- 6 |  7- 9 || total
-------------------------+-------+-------+-------++-------
Melee: Whip              |     4 |       |       ||     4
       Flail             |       |    69 |     9 ||    78
 Cast: Necrotise         |    55 |    64 |    12 ||   131
       Animate Dead      |       |     2 |       ||     2
       Vampiric Draining |       |     7 |     1 ||     8
  Use: Scroll            |       |     6 |       ||     6
 Stab: Sleeping          |       |     2 |       ||     2
       Distracted        |       |     1 |       ||     1
Armor: Robe              |     2 |    41 |     8 ||    51
Dodge: Dodged            |    14 |    69 |    21 ||   104
